 Dungeon Crawl Stone Soup version 0.31-a0-219-g8d62b2e7bb (webtiles) character file.

Game seed: 2365941399179251787

651 qw the Shooter (level 7, -5/52 (61) HPs)
             Began as a Minotaur Hexslinger on July 3, 2023.
             Slain by a wight
             ... wielding a +0 great sword
              (13 damage)
             ... on level 4 of the Dungeon.
             The game lasted 00:01:19 (3635 turns).

qw the Shooter (Minotaur Hexslinger)                Turns: 3635, Time: 00:01:20

HP:   -5/52 (61)    AC:  5    Str: 12 (13) XL:     7   Next: 28%
MP:   7/7           EV: 11    Int:  9 (10) God:
Gold: 137           SH:  0    Dex: 19 (20) Spells: 7/8 levels left

rFire   . . .        Y - +1 sling
rCold   . . .        (no shield)
rNeg    . . .        h - +0 ring mail
rPois   +            (helmet restricted)
rElec   .            (no cloak)
rCorr   .            (no gloves)
SInv    .            (no boots)
Will    .....        a - amulet of faith
Stlth   +            g - ring of poison resistance
HPRegen 0.28/turn    b - +6 ring of dexterity
MPRegen 0.10/turn

%: faith
@: heavily drained
A: horns 2, retaliatory headbutt
a: no special abilities


You were on level 4 of the Dungeon.
You visited 1 branch of the dungeon, and saw 4 of its levels.

You collected 137 gold pieces.


Innate Abilities, Weirdness & Mutations

You have a pair of horns on your head.
You reflexively headbutt those who attack you in melee.


   Skills:
 - Level 5.1 Fighting
 + Level 7.2 Ranged Weapons
 - Level 2.3 Armour
 - Level 2.1 Dodging
 - Level 1.0 Spellcasting
 - Level 2.0 Hexes


You had 7 spell levels left.
You knew the following spells:

 Your Spells              Type           Power      Damage    Failure   Level
a - Slow                  Hex            16%        N/A       34%         1

Your spell library contained the following spells:

 Spells                   Type           Power      Damage    Failure   Level
 Inner Flame              Hex/Fire       2%         N/A       85%         3
 Portal Projectile        Hex/Tloc       4%         N/A       85%         3
 Cause Fear               Hex            2%         N/A       98%         4

Inventory:

Hand Weapons
 Y - a +1 sling (weapon)
Armour
 h - a +0 ring mail (worn)
Jewellery
 a - an amulet of faith (around neck)
 b - a +6 ring of dexterity (right hand)
 g - a ring of poison resistance (left hand)
 i - an amulet of reflection
Scrolls
 l - a scroll of identify
Potions
 c - 3 potions of heal wounds
 f - a potion of curing
 j - a potion of attraction {unknown}
 k - a potion of ambrosia {unknown}

Dungeon Overview and Level Annotations

Branches:
Dungeon (4/15)
 Temple: D:4-7

Altars:


Message History

You shoot a sling bullet. The sling bullet hits the wight.
You destroy the wight!
A wight comes into view. It is wielding a +1 spear.
Your Ranged Weapons skill increases to level 7!
You shoot a sling bullet. The sling bullet hits the wight!
The wight is heavily damaged.
The wight hits you with a +0 great sword!
You feel drained.
You shoot a sling bullet.
The sling bullet hits the wight but does no damage.
The wight is heavily damaged.
A wight comes into view. It is wielding a +4 long sword.
You shoot a sling bullet. The sling bullet hits the wight.
The wight is heavily damaged.
The wight misses you.
You shoot a sling bullet.
The sling bullet hits the wight but does no damage.
The wight is heavily damaged.
The wight barely misses you.
The wight hits you with a +0 great sword.
You feel drained.
You shoot a sling bullet.
The sling bullet hits the wight but does no damage.
The wight is heavily damaged.
The wight barely misses you.
The wight hits you from afar with a +1 spear!
You feel drained.
You shoot a sling bullet.
The sling bullet hits the wight but does no damage.
The wight is heavily damaged.
The wight closely misses you.
The wight hits you from afar with a +1 spear. x2
You feel drained.
The wight hits you with a +0 great sword!
You feel drained.
3635 ||| DRINKING 4 potions of heal wounds.
You feel much better.
The wight hits you with a +4 long sword!
The wight hits you with a +0 great sword!
You die...

#.####.####
#.####)#######
#............#### ###
#................ ..#
#.....%.......#######
#.###.#####.#.........#..
......# #.......##. #.#
#.##### #.......# #.# #.#
######@## #.# #.##...
......zz# #.######
....... .....z.>#
#.##......# .......
......#.# #.....###.#
#.##.## ###.###.# #####.#
#.# #.# .. #. ..#######.#
#.# ..# ##.###.#.......#
#.#### .##
#...##.#.####### #.....
.# #...##.#.# ######


You could see 3 wights.

Vanquished Creatures
  Sigmund (D:3)
  An ogre (D:4)
  A phantom (D:4)
  A wight (D:4)
  Jessica (D:3)
  An iguana (D:4)
  Ijyb (D:3)
  A sleepcap (D:4)
  Natasha (thrice) (D:4)
  4 adders
  An ufetubus (D:4)
  A dart slug (D:3)
  An orc (D:3)
  3 endoplasms (D:1)
  8 giant cockroaches
  6 goblins
  4 hobgoblins
  7 jackals
  A quokka (D:1)
  8 ball pythons
  4 bats
  4 frilled lizards
  4 kobolds
  3 rats
70 creatures vanquished.

Notes
Turn   | Place    | Note
-------+----------+-------------------------------------------
     0 | D:1      | qw the Minotaur Hexslinger began the quest for the Orb.
     0 | D:1      | Reached XP level 1. HP: 16/16 MP: 1/1
     0 | D:1      | 0 ||| qw: Version: 0.3-a-40-ge99b1a8
     0 | D:1      | 0 ||| qw: Game counter: 404
     0 | D:1      | 0 ||| qw: Melee chars always use a shield: true
     0 | D:1      | 0 ||| qw: God list: Okawaru
     0 | D:1      | 0 ||| qw: Allow faded altars: false
     0 | D:1      | 0 ||| qw: Do Orc after clearing Dungeon:15 true
     0 | D:1      | 0 ||| qw: Do second Lair branch before Depths: true
     0 | D:1      | 0 ||| qw: Lair rune preference: random
     0 | D:1      | 0 ||| qw: Goals: Normal
     0 | D:1      | 0 ||| PLANNING D:1-11
   126 | D:1      | Reached skill level 3 in Ranged Weapons
   126 | D:1      | Reached XP level 2. HP: 23/23 MP: 2/2
   939 | D:1      | 939 ||| UPGRADING to +0 leather armour.
   949 | D:1      | 949 ||| DROPPING +0 robe.
   950 | D:1      | 950 ||| READING scroll labelled LATRAA YKKUKE.
   953 | D:1      | 953 ||| DRINKING 3 bubbling emerald potions.
   974 | D:1      | 974 ||| DRINKING 2 viscous orange potions.
   975 | D:1      | 975 ||| DROPPING scroll of poison.
   976 | D:1      | 976 ||| DROPPING 2 potions of lignification.
  1064 | D:2      | Reached XP level 3. HP: 29/29 MP: 3/3
  1326 | D:2      | Reached skill level 4 in Ranged Weapons
  1797 | D:2      | 1797 ||| UPGRADING to ring of poison resistance.
  1798 | D:2      | 1798 ||| READING scroll labelled JOBOZ KIW NOJ.
  1799 | D:2      | 1799 ||| READING scroll labelled OFIOLUIWECO.
  1799 | D:2      | Identified a scroll of acquirement
  1799 | D:2      | 1799 ||| ACQUIRING amulet of faith
  1799 | D:2      | Acquired an amulet of faith
  1801 | D:2      | 1801 ||| UPGRADING to amulet of faith.
  1806 | D:2      | 1806 ||| READING scroll labelled OXOFUTZ GEIZ.
  1951 | D:3      | Reached XP level 4. HP: 35/36 MP: 4/4
  2084 | D:3      | Noticed Jessica
  2087 | D:3      | Killed Jessica
  2088 | D:3      | Reached skill level 5 in Ranged Weapons
  2217 | D:3      | Found a faded altar of an unknown god.
  2220 | D:3      | 2220 ||| READING scroll labelled BUZIDGH CAERUTY.
  2294 | D:3      | 2294 ||| FLEEEEING.
  2295 | D:3      | 2295 ||| FLEEEEING.
  2447 | D:3      | Noticed Sigmund
  2459 | D:3      | HP: 7/36 [Sigmund/+0 scythe (10)]
  2460 | D:3      | 2460 ||| READING scroll of teleportation.
  2460 | D:3      | HP: 2/36 [Sigmund/+0 scythe (5)]
  2462 | D:3      | 2462 ||| DRINKING 3 potions of curing.
  2462 | D:3      | 2462 ||| (to cure confusion)
  2570 | D:3      | 2570 ||| DRINKING 2 potions of curing.
  2570 | D:3      | 2570 ||| (to cure confusion)
  2578 | D:3      | Killed Sigmund
  2579 | D:3      | Reached XP level 5. HP: 27/48 MP: 5/5
  2579 | D:3      | Reached XP level 6. HP: 31/56 MP: 6/6
  2755 | D:3      | Noticed Ijyb
  2767 | D:3      | Killed Ijyb
  2855 | D:3      | 2855 ||| UPGRADING to +6 ring of dexterity.
  2856 | D:3      | 2856 ||| READING scroll labelled OZES GANOUGG.
  2857 | D:3      | 2857 ||| DRINKING 2 murky grey potions.
  2858 | D:3      | 2858 ||| DROPPING potion of degeneration.
  3119 | D:4      | Noticed Natasha
  3127 | D:4      | Killed Natasha
  3163 | D:4      | Noticed Natasha
  3165 | D:4      | 3165 ||| FLEEEEING.
  3166 | D:4      | 3166 ||| FLEEEEING.
  3167 | D:4      | 3167 ||| FLEEEEING.
  3168 | D:4      | 3168 ||| FLEEEEING.
  3169 | D:4      | 3169 ||| FLEEEEING.
  3170 | D:4      | 3170 ||| FLEEEEING.
  3172 | D:4      | 3172 ||| FLEEEEING.
  3173 | D:4      | 3173 ||| FLEEEEING.
  3179 | D:4      | 3179 ||| FLEEEEING.
  3180 | D:4      | 3180 ||| FLEEEEING.
  3181 | D:4      | 3181 ||| FLEEEEING.
  3182 | D:4      | 3182 ||| FLEEEEING.
  3183 | D:4      | 3183 ||| FLEEEEING.
  3184 | D:4      | 3184 ||| FLEEEEING.
  3200 | D:4      | Killed Natasha
  3201 | D:4      | Reached skill level 6 in Ranged Weapons
  3427 | D:4      | 3427 ||| FLEEEEING.
  3428 | D:4      | 3428 ||| FLEEEEING.
  3429 | D:4      | 3429 ||| FLEEEEING.
  3430 | D:4      | 3430 ||| STAIRDANCE
  3462 | D:3      | 3462 ||| UPGRADING to +0 ring mail.
  3472 | D:3      | 3472 ||| DROPPING +0 leather armour.
  3473 | D:3      | 3473 ||| READING scroll labelled KOOLUP BUITA.
  3489 | D:4      | Reached XP level 7. HP: 34/61 MP: 7/7
  3502 | D:4      | Noticed Natasha
  3505 | D:4      | Killed Natasha
  3590 | D:4      | Identified the +4 long sword of Yeast {antimagic, rCorr
                  | Str+2 Int+3}
  3629 | D:4      | Reached skill level 7 in Ranged Weapons
  3634 | D:4      | HP: 14/56 [wight/+1 spear (5)]
  3634 | D:4      | HP: 2/54 [wight/+0 great sword (11)]
  3635 | D:4      | 3635 ||| DRINKING 4 potions of heal wounds.
  3635 | D:4      | Slain by a wight

Levels and vault maps discovered:
D:1:      amcnicky_arrival_choice, layout_basic
D:2:      layout_basic, minmay_octomino_j4
D:3:      layout_loops_ring, hellmonk_ecumenical_altar_inner_sanctum,
          uniq_jessica, uniq_sigmund, uniq_ijyb
D:4:      layout_basic, uniq_natasha

Skill      XL: |  1  2  3  4  5  6  7 |
---------------+----------------------+-----
Ranged Weapons | 3 4 5 6 7 |  7.2
Fighting       | 2 5 |  5.1
Armour         | 2 |  2.3
Dodging        | |  2.1
Spellcasting   | |  1.0
Hexes          | |  2.0

Action                     |  1- 3 |  4- 6 |  7- 9 || total
---------------------------+-------+-------+-------++-------
   Fire: Sling             |   145 |   143 |    17 ||   305
    Use: Potion            |     2 |     3 |     1 ||     6
         Scroll            |     4 |     4 |       ||     8
 Armour: Robe              |     3 |       |       ||     3
         Leather armour    |    13 |     6 |       ||    19
         Ring mail         |       |     4 |       ||     4
  Dodge: Dodged            |    43 |    41 |     4 ||    88

Table legend:
 A = Non-vault XP
 B = Vault XP
 C = Vault XP percentage of total XP
 D = Non-vault monster count
 E = Vault monster count
 F = Vault count percentage of total count
                 A         B        C        D         E       F
            +---------+---------+-------+---------+---------+-------
      Total |     595 |     336 |  36.1 |      63 |       7 |  10.0
            +---------+---------+-------+---------+---------+-------
        D:1 |      39 |       0 |   0.0 |      24 |       0 |   0.0
        D:2 |      52 |       5 |   8.8 |      18 |       3 |  14.3
        D:3 |      42 |     296 |  87.6 |       9 |       3 |  25.0
        D:4 |     462 |      35 |   7.0 |      12 |       1 |   7.7
            +---------+---------+-------+---------+---------+-------
